 Dungeon Crawl Stone Soup version 0.17.1-3-g152610e (webtiles) character file.

28 Charly the Insei (level 3, 0/17 HPs)
             Began as a Vine Stalker Transmuter on Apr 26, 2016.
             Succumbed to an adder's poison
             ... on level 3 of the Dungeon.
             The game lasted 00:04:15 (452 turns).

Charly the Insei (Vine Stalker Transmuter)           Turns: 452, Time: 00:04:15

Health: 0/17       AC:  2    Str: 12    XL:     3   Next: 14%
Magic:  2/7        EV: 12    Int: 14    God:
Gold:   48         SH:  0    Dex: 14    Spells: 2 memorised, 3 levels left

rFire  . . .     SeeInvis .       - Unarmed
rCold  . . .     Clarity  .     b - +0 robe
rNeg   . . .     SustAt   .     (no shield)
rPois  .         Gourm    .     (no helmet)
rElec  .         Spirit   +     (no cloak)
rCorr  .         Warding  .     (no gloves)
rMut   .         Rnd*Tele +     (no boots)
MR     .....                    (no amulet)
Stlth  +.........               m - ring of teleportation (curse)
                                h - ring of flight

@: lethally poisoned (0 -> -1), very slightly contaminated, not resistant to
hostile enchantments, very unstealthy
A: fangs 2, regeneration 1, magic shield, antimagic bite, no device heal 3, rot
immunity
a: Evoke Flight, Evoke Teleportation


You were on level 3 of the Dungeon.
You were full.

You visited 1 branch of the dungeon, and saw 3 of its levels.

You collected 48 gold pieces.

Inventory:

Missiles
 a - 25 arrows
 k - 11 arrows of flame
Armour
 b - a +0 robe (worn)
Magical Staves
 l - an uncursed staff of power
Jewellery
 h - a ring of flight (left hand)
 m - a cursed ring of teleportation (right hand)
Scrolls
 f - a scroll of enchant weapon {unknown}
 j - a scroll of identify {unknown}
Potions
 e - 3 potions of magic {unknown}
 g - 2 potions of mutation {unknown}
 i - a potion of degeneration {unknown}
Books
 c - a book of Changes

   Spells                             Type                      Level
   a - Beastly Appendage              Transmutation                1
   b - Sticks to Snakes               Transmutation                2
   c - Spider Form                    Transmutation/Poison         3
   d - Ice Form                       Ice/Transmutation            4
   e - Blade Hands                    Transmutation                5
Comestibles
 d - 2 bread rations


   Skills:
 - Level 0.8 Fighting
 - Level 1.5 Dodging
 + Level 3.6 Unarmed Combat
 - Level 2.1 Spellcasting
 + Level 2.8 Transmutations


You had 3 spell levels left.
You knew the following spells:

 Your Spells              Type           Power        Failure   Level  Hunger
b - Beastly Appendage     Trmt           #.....       10%         1    #......
s - Sticks to Snakes      Trmt           #.........   14%         2    ###....


Dungeon Overview and Level Annotations

Branches:
Dungeon (3/15)

Altars:
Gozag


Innate Abilities, Weirdness & Mutations

You have extremely sharp teeth.
Your natural rate of healing is unusually fast.
When hurt, damage is shared between your health and your magic reserves.
Your bite disrupts and absorbs the magic of your enemies.
Potions and wands cannot restore your health.
You are immune to rotting.


Message History

* * * LOW HITPOINT WARNING * * *
Unknown command.
You barely miss the jackal. You bite the jackal. You drain its power.
You feel invigorated.
You kill the jackal!
The jackal closely misses you. The adder closely misses you.
You hit the adder. You bite the adder. You drain its power.
The adder is heavily wounded.
The jackal bites you. The adder bites you.
* * * LOW HITPOINT WARNING * * *
You are lethally poisoned!
The adder poisons you!
Unknown command.
You hit the adder.
You kill the adder!
You have reached level 3!
Your experience leads to an increase in your attributes!
Increase (S)trength, (I)ntelligence, or (D)exterity?
You feel clever.
You die...

# ####### ############ #......
......h....# #......
....h.†@...#######......
....#####..#.<.......... . ..
...#....# #......
#.##.#.#..###........
#.............#..#.#.
#.####.#.#..##..#.##.#.
.......................
#################.#........##.#.
......... ........#..#####.##<#.


You could see 2 jackals.

Vanquished Creatures
  An adder (D:3)
  A bat (D:2)
  A giant cockroach (D:2)
  A goblin (D:2)
  A hobgoblin (D:2)
  8 jackals
  2 quokkas (D:3)
  2 rats (D:3)
17 creatures vanquished.

Notes
Turn   | Place    | Note
--------------------------------------------------------------
     0 | D:1      | Charly the Vine Stalker Transmuter began the quest for the Orb.
     0 | D:1      | Reached XP level 1. HP: 9/9 MP: 4/4
    70 | D:2      | Reached XP level 2. HP: 10/14 MP: 3/6
   136 | D:2      | Learned a level 2 spell: Sticks to Snakes
   247 | D:3      | Found an opulent altar of Gozag.
   452 | D:3      | Reached XP level 3. HP: 1/17 MP: 2/7
   452 | D:3      | Succumbed to an adder's poison

Action                   || total
-------------------------++-------
Melee: Unarmed           ||    60
 Cast: Sticks to Snakes  ||     2
       Beastly Appendage ||     1
 Stab: Sleeping          ||     2
  Eat: Pizza             ||     1
       Beef jerky        ||     1
